 Dungeon Crawl Stone Soup version 0.31-a0-702-gf82c855 (webtiles) character file.

Game seed: 16594170717882006498

211 edsrzf the Slasher (level 5, -1/43 HPs)
             Began as a Gnoll Reaver on Sept 7, 2023.
             Slain by an iguana (10 damage)
             ... on level 4 of the Dungeon.
             The game lasted 00:06:53 (2730 turns).

edsrzf the Slasher (Gnoll Reaver)                   Turns: 2730, Time: 00:06:54

Health: -1/43      AC:  5    Str: 13    XL:     5   Next: 88%
Magic:  12/12      EV: 12    Int: 13    God:
Gold:   102        SH:  0    Dex: 10    Spells: 13/14 levels left

rFire   . . .        a - +0 falchion
rCold   . . .        (no shield)
rNeg    . . .        b - +0 leather armour
rPois   .            (no helmet)
rElec   .            m - +1 cloak
rCorr   .            (no gloves)
SInv    .            (no boots)
Will    .....        (no amulet)
Stlth   +            (no ring)
HPRegen 0.27/turn    (no ring)
MPRegen 0.13/turn

%: no passive effects
@: no status effects
A: fangs 1, strong nose, distributed training
a: no special abilities


You were on level 4 of the Dungeon.
You visited 1 branch of the dungeon, and saw 4 of its levels.

You collected 102 gold pieces.

Inventory:

Hand Weapons
 a - a +0 falchion (weapon)
 i - a +2 vampiric dagger
Missiles
 d - 9 poisoned darts
 f - 3 datura-tipped darts
Armour
 b - a +0 leather armour (worn)
 g - an orb of wrath
 m - a +1 cloak (worn)
Jewellery
 n - a ring of magical power
Scrolls
 c - a scroll of enchant weapon {unknown}
 j - a scroll of fear
 k - a scroll of noise {unknown}
 l - a scroll of acquirement {unknown}
 o - a scroll of revelation {unknown}
 p - 2 scrolls of brand weapon {unknown}
 r - a scroll of identify {unknown}
Potions
 e - a potion of enlightenment {unknown}
 h - 2 potions of curing
 q - a potion of mutation {unknown}
 s - a potion of degeneration {unknown}


   Skills:
 + Level 4.9 Fighting
 + Level 1.7 Short Blades
 + Level 6.7 Long Blades
 + Level 1.7 Axes
 + Level 1.7 Maces & Flails
 + Level 1.7 Polearms
 + Level 1.7 Staves
 + Level 1.7 Ranged Weapons
 + Level 1.7 Throwing
 + Level 1.7 Armour
 + Level 4.9 Dodging
 + Level 1.7 Stealth
 + Level 1.7 Shields
 + Level 1.7 Unarmed Combat
 + Level 5.2 Spellcasting
 + Level 5.6 Conjurations
 + Level 1.3 Hexes
 + Level 1.3 Summonings
 + Level 1.3 Necromancy
 + Level 1.3 Translocations
 + Level 1.3 Transmutations
 + Level 1.3 Fire Magic
 + Level 1.3 Ice Magic
 + Level 1.3 Air Magic
 + Level 1.3 Earth Magic
 + Level 1.3 Poison Magic
 + Level 1.9 Invocations
 + Level 1.7 Evocations
 + Level 1.5 Shapeshifting


You had 13 spell levels left.
You knew the following spells:

 Your Spells              Type           Power      Damage    Failure   Level
a - Kiss of Death         Conj/Necr      48%        2d9       5%          1

Your spell library contained the following spells:

 Spells                   Type           Power      Damage    Failure   Level
 Momentum Strike          Conj/Tloc      24%        3d8       9%          2
 Sandblast                Erth           12%        2d6       13%         1
 Hailstorm                Conj/Ice       12%        3d5       17%         3
 Stone Arrow              Conj/Erth      24%        3d8       17%         3
 Passwall                 Tmut/Erth      5%         N/A       21%         2


Dungeon Overview and Level Annotations

Branches:
Dungeon (4/15)
 Temple: D:4-7

Altars:


Innate Abilities, Weirdness & Mutations

You have very sharp teeth.
Your uncanny sense of smell can sniff out nearby items.
Your experience applies equally to all skills.


Message History

You barely miss the orc. You bite the orc.
The orc is almost dead.
The orc barely misses you.
You slash the orc!
You kill the orc!
Things that are here:
a +0 short sword; an orc corpse Done exploring.
Done exploring.
There is a stone staircase leading down here.
You climb downwards.
Found a leather armour.
There is a stone staircase leading up here.
A goblin is nearby!
Autoexplore enabled for D:4 You see here a +0 leather armour.
You closely miss the goblin. Your bite misses the goblin.
The goblin hits you but does no damage.
You hit the goblin. Your bite misses the goblin.
The goblin is heavily wounded.
The goblin hits you but does no damage.
You hit the goblin.
You kill the goblin!
You see here a +0 dagger.
A hound comes into view.
The hound barks!
An iguana comes into view.
The iguana hisses angrily.
The hound closely misses you. The hound barely misses you.
You completely miss the hound. The hound closely misses you. x2
You barely miss the hound.
The iguana hisses menacingly.
The hound bites you but does no damage.
You closely miss the hound. The hound closely misses you. The hound bites you.
You hit the hound.
The hound is lightly wounded.
The hound misses you.
You hit the hound. Your bite misses the hound.
The hound is heavily wounded.
The hound closely misses you.
You closely miss the hound.
The hound is heavily wounded.
The hound barely misses you. The hound closely misses you.
You hit the hound.
The hound is severely wounded.
The hound closely misses you.
You hit the hound. Your bite misses the hound.
The hound is severely wounded.
The hound bites you but does no damage. The hound bites you.
You barely miss the hound.
The hound is severely wounded.
The hound barely misses you.
You slash the hound!
You kill the hound!
You barely miss the iguana. Your bite misses the iguana.
The iguana closely misses you.
You hit the iguana. Your bite misses the iguana.
The iguana is moderately wounded.
The iguana bites you!
You hit the iguana. Your bite misses the iguana.
The iguana is heavily wounded.
The iguana bites you.
You barely miss the iguana. You bite the iguana, but do no damage.
The iguana is heavily wounded.
The iguana bites you but does no damage.
You hit the iguana.
The iguana is severely wounded.
The iguana bites you but does no damage.
You barely miss the iguana.
The iguana is severely wounded.
The iguana barely misses you.
You hit the iguana but do no damage.
The iguana is severely wounded.
The iguana misses you.
You hit the iguana.
The iguana is almost dead.
The iguana completely misses you.
You hit the iguana but do no damage.
The iguana is almost dead.
The iguana bites you!
You hit the iguana.
The iguana is almost dead.
The iguana bites you but does no damage.
You closely miss the iguana.
The iguana is almost dead.
The iguana bites you.
You hit the iguana but do no damage.
The iguana is almost dead.
The iguana closely misses you.
You closely miss the iguana.
The iguana is almost dead.
The iguana bites you!
* * * LOW HITPOINT WARNING * * *
You hit the iguana.
The iguana is almost dead.
You barely miss the iguana.
The iguana is almost dead.
The iguana bites you!
You die...

########
#########
#......#
#.......#
#.####.#
#.#####.# #.#
##.#####.### #
#.#
#.......@l.###.#
#.#
#..#####.#.....#
#.# #..#
#.##....#
#.###..#
#.#.......#
#......#
#...........
#####.##
####..###.##
######.### #..#
# #........#
#... #.##..#..#
##+#


You could see an iguana.

Vanquished Creatures
  A gnoll bouda (D:2)
  A hound (D:4)
  5 adders
  3 gnolls (D:2)
  2 worms
  3 dart slugs
  An orc (D:3)
  5 endoplasms
  5 giant cockroaches
  5 goblins
  5 hobgoblins
  7 kobolds
  4 quokkas
  6 ball pythons
  4 bats
  6 frilled lizards
  7 rats
70 creatures vanquished.

Notes
Turn   | Place    | Note
-------+----------+-------------------------------------------
     0 | D:1      | edsrzf the Gnoll Reaver began the quest for the Orb.
     0 | D:1      | Reached XP level 1. HP: 20/20 MP: 6/6
   145 | D:1      | Reached XP level 2. HP: 26/26 MP: 7/7
   378 | D:1      | Reached XP level 3. HP: 31/31 MP: 9/9
   397 | D:1      | Reached skill level 5 in Spellcasting
   782 | D:2      | Reached skill level 1 in Invocations
  1053 | D:2      | Reached skill level 1 in Short Blades
  1053 | D:2      | Reached skill level 1 in Axes
  1053 | D:2      | Reached skill level 1 in Maces & Flails
  1053 | D:2      | Reached skill level 1 in Polearms
  1053 | D:2      | Reached skill level 1 in Staves
  1053 | D:2      | Reached skill level 1 in Ranged Weapons
  1053 | D:2      | Reached skill level 1 in Throwing
  1053 | D:2      | Reached skill level 1 in Armour
  1053 | D:2      | Reached skill level 1 in Stealth
  1053 | D:2      | Reached skill level 1 in Shields
  1053 | D:2      | Reached skill level 1 in Unarmed Combat
  1053 | D:2      | Reached skill level 1 in Evocations
  1055 | D:2      | Reached XP level 4. HP: 36/38 MP: 11/11
  1130 | D:2      | Reached skill level 1 in Shapeshifting
  1258 | D:2      | Identified a potion of cancellation
  1262 | D:2      | Identified a potion of heal wounds
  1273 | D:2      | Reached skill level 1 in Hexes
  1273 | D:2      | Reached skill level 1 in Summonings
  1273 | D:2      | Reached skill level 1 in Necromancy
  1273 | D:2      | Reached skill level 1 in Translocations
  1273 | D:2      | Reached skill level 1 in Transmutations
  1273 | D:2      | Reached skill level 1 in Fire Magic
  1273 | D:2      | Reached skill level 1 in Ice Magic
  1273 | D:2      | Reached skill level 1 in Air Magic
  1273 | D:2      | Reached skill level 1 in Earth Magic
  1273 | D:2      | Reached skill level 1 in Poison Magic
  1275 | D:2      | Identified a potion of curing
  1284 | D:2      | Reached XP level 5. HP: 13/43 MP: 12/12
  1291 | D:2      | Identified 2 scrolls of fear
  2730 | D:4      | Slain by an iguana

Illustrated notes

Levels and vault maps discovered:
D:1:      giann_forest_graveyard, layout_loops_ring, minmay_misc_feat_five
D:2:      layout_basic, ebering_dispersal_statue_hall,
          minmay_misc_feat_enclosed, chequers_serial_rivers_micro_c
D:3:      layout_loops_corners
D:4:      layout_loops_corners, minmay_fountain_box, uniq_edmund

Skill      XL: |  1  2  3  4 |
---------------+-------------+-----
Spellcasting   | 5 |  5.2
Invocations    | 1 |  1.9
Short Blades   | 1 |  1.7
Axes           | 1 |  1.7
Maces & Flails | 1 |  1.7
Polearms       | 1 |  1.7
Staves         | 1 |  1.7
Ranged Weapons | 1 |  1.7
Throwing       | 1 |  1.7
Armour         | 1 |  1.7
Stealth        | 1 |  1.7
Shields        | 1 |  1.7
Unarmed Combat | 1 |  1.7
Evocations     | 1 |  1.7
Shapeshifting  | 1 |  1.5
Hexes          | 1 |  1.3
Summonings     | 1 |  1.3
Necromancy     | 1 |  1.3
Translocations | 1 |  1.3
Transmutations | 1 |  1.3
Fire Magic     | 1 |  1.3
Ice Magic      | 1 |  1.3
Air Magic      | 1 |  1.3
Earth Magic    | 1 |  1.3
Poison Magic   | 1 |  1.3
Fighting       | |  4.9
Long Blades    | |  6.7
Dodging        | |  4.9
Conjurations   | |  5.6

Action                     |  1- 3 |  4- 6 || total
---------------------------+-------+-------++-------
  Melee: Falchion          |   142 |   141 ||   283
         Bite              |    12 |    11 ||    23
         Punch             |     1 |     2 ||     3
    Use: Potion            |       |     3 ||     3
         Scroll            |       |     1 ||     1
   Stab: Sleeping          |     1 |     4 ||     5
 Armour: Leather armour    |    60 |    65 ||   125
  Dodge: Dodged            |    82 |    72 ||   154

Table legend: (Time is in decaauts)
 A = Elapsed time spent in this place.
 B = Non-inter-level travel time spent in this place.
 C = Inter-level travel time spent in this place.
 D = Time resting spent in this place.
 E = Time spent auto-exploring this place.
 F = Levels seen in this place.
 G = Mean time per level.
                   A        B        C        D        E       F      G
               +--------+--------+--------+--------+--------+-----+--------+
         Total |   2721 |   2668 |     53 |    175 |   1840 |   4 |  680.2 |
       Dungeon |   2721 |   2668 |     53 |    175 |   1840 |   4 |  680.2 |
               +--------+--------+--------+--------+--------+-----+--------+

Top non-repeatable levels by time:
     D:2: 1197 daAuts
     D:3: 738 daAuts
     D:1: 708 daAuts
     D:4: 76 daAuts
